 Dungeon Crawl Stone Soup version 0.25-a0-690-g234afa57d4 (webtiles) character file.

Game seed: 10071102085873580022, levelgen mode: deterministic

124 kae the Ruffian (level 4, -1/37 HPs)
             Began as a Draconian Transmuter on Mar 30, 2020.
             Slain by a gnoll
             ... wielding a cursed +0 halberd
              (15 damage)
             ... on level 2 of the Dungeon.
             The game lasted 00:01:32 (1538 turns).

kae the Ruffian (Draconian Transmuter)              Turns: 1538, Time: 00:01:33

Health: -1/37      AC:  2    Str: 13    XL:     4   Next: 81%
Magic:  3/8        EV: 19    Int: 14    God:
Gold:   114        SH:  0    Dex: 16    Spells: 2/8 levels left

rFire    . . .     SeeInvis .     - Unarmed
rCold    . . .     Gourm    .   (shield currently unavailable)
rNeg     . . .     Faith    .   (armour unavailable)
rPois    x         Spirit   .   (helmet currently unavailable)
rElec    .         Reflect  .   (cloak currently unavailable)
rCorr    .         Harm     .   (gloves currently unavailable)
MR       .....                  (boots currently unavailable)
Stlth    +.........             (no amulet)
HPRegen  0.12/turn              (no ring)
MPRegen  0.11/turn              (no ring)

@: spider-form (expiring), lightly drained
A: tiny, unfitting armour, AC +5
a: End Transformation


You were on level 2 of the Dungeon.
You were near starving.
You were a venomous arachnid creature.
You visited 1 branch of the dungeon, and saw 2 of its levels.

You collected 114 gold pieces.

Inventory:

Missiles
 a - 33 arrows
Jewellery
 g - an uncursed ring of positive energy
Scrolls
 b - a scroll of blinking {unknown}
 d - a scroll of teleportation {unknown}
 e - 5 scrolls of noise {unknown}
 f - a scroll of fear {unknown}
 i - 2 scrolls of identify {unknown}
 j - a scroll of magic mapping {unknown}
 n - 2 scrolls of fog {unknown}
Potions
 h - a potion of curing
 k - a potion of mutation {unknown}
 l - a potion of brilliance {unknown}
 m - a potion of flight {unknown}
Comestibles
 c - a ration


   Skills:
 + Level 2.4(2.2) Fighting
 - Level 1.7(1.5) Dodging
 * Level 4.2(3.9) Unarmed Combat
 + Level 2.7(2.5) Spellcasting
 + Level 2.9(2.7) Transmutations


You had 2 spell levels left.
You knew the following spells:

 Your Spells              Type           Power        Failure   Level  Hunger
a - Beastly Appendage     Tmut           #.....       21%         1    #......
b - Sticks to Snakes      Tmut           #.......     26%         2    ###....
c - Spider Form           Tmut/Pois      #.........   58%         3    ###....

Your spell library contained the following spells:

 Spells                   Type           Power        Failure   Level  Hunger
 Ice Form                 Ice/Tmut       #.......     91%         4    #####..
 Blade Hands              Tmut           #.........   97%         5    ######.


Dungeon Overview and Level Annotations

Branches:
Dungeon (2/15)

Altars:
Cheibriados


Innate Abilities, Weirdness & Mutations

((Your plain brown scales are hard. (AC +5)))
You cannot fit into any form of body armour.
((You are cold-blooded and may be slowed by cold attacks.))


Message History

You kill the gnoll!
You feel better. The gnoll hits you with a +0 whip!
Casting: Spider Form (slightly dangerous; 36% risk of failure)
Confirm with . or Enter, or press ? or * to list all spells.
You turn into a venomous arachnid creature.
The gnoll misses you. The gnoll hits you with a +0 whip.
The gnoll closely misses you. The gnoll completely misses you.
You closely miss the gnoll. The gnoll hits you with a +0 whip!
The gnoll misses you.
You hit the gnoll.
The gnoll is poisoned.
The gnoll is moderately wounded.
The gnoll barely misses you.
You hit the gnoll.
The gnoll looks even sicker.
The gnoll is moderately wounded.
Your transformation is almost over.
The gnoll completely misses you. The gnoll misses you.
You hit the gnoll.
The gnoll looks as sick as possible!
The gnoll is severely wounded.
The gnoll hits you from afar with a cursed +0 halberd!
You die...

#.# #.##.##....##.# #.#
#c..........#.# #)#
#.##..........## #.#
#.##............ #.#
#.##............ #[#
#.##..#...<.# #.#
#.c)........#
#.##########g##........#
#.........sg.###.#.#.g.+
############## # #.#..##
. #g.# # .(.. ....


You could see a centaur and 2 gnolls.

Vanquished Creatures
  Natasha (D:2)
  3 gnolls
  2 oozes (D:1)
  2 worms (D:2)
  3 dart slugs
  A leopard gecko (D:1)
  2 ball pythons (D:1)
  A giant cockroach (D:1)
  5 goblins (D:1)
  7 hobgoblins
  3 jackals (D:1)
  2 kobolds (D:2)
  11 bats
  2 frilled lizards (D:1)
  6 rats
51 creatures vanquished.

Notes
Turn   | Place    | Note
-------+----------+-------------------------------------------
     0 | D:1      | kae the Draconian Transmuter began the quest for the Orb.
     0 | D:1      | Reached XP level 1. HP: 16/16 MP: 3/3
    26 | D:1      | Reached XP level 2. HP: 17/23 MP: 1/5
   172 | D:1      | Reached XP level 3. HP: 12/29 MP: 6/6
   910 | D:1      | Learned a level 2 spell: Sticks to Snakes
   914 | D:1      | Learned a level 3 spell: Spider Form
   958 | D:2      | Reached XP level 4. HP: 36/36 MP: 7/7
  1078 | D:2      | Found a snail-covered altar of Cheibriados,
  1286 | D:2      | Noticed Natasha
  1299 | D:2      | Killed Natasha
  1299 | D:2      | Reached skill level 4 in Unarmed Combat
  1524 | D:2      | Noticed a centaur
  1538 | D:2      | Slain by a gnoll

Levels and vault maps discovered:
D:1:      onia_arrival_handbag, layout_rooms
D:2:      layout_loops_ring, kennysheep_slug_shrine,
          chequers_serial_rivers_room_b, uniq_natasha

Skill      XL: |  1  2  3  4 |
---------------+-------------+-----
Fighting       | 2 |  2.4
Unarmed Combat | 4 |  4.2
Dodging        | |  1.7
Spellcasting   | |  2.7
Transmutations | |  2.9

Action                   |  1- 3 |  4- 6 || total
-------------------------+-------+-------++-------
Melee: Unarmed           |   117 |    46 ||   163
       Tailslap          |     9 |     4 ||    13
       Headbutt          |     5 |     1 ||     6
       Kick              |     8 |       ||     8
 Cast: Beastly Appendage |    18 |     2 ||    20
       Spider Form       |       |     4 ||     4
  Use: Potion            |       |     1 ||     1
  Eat: Chunk             |       |     1 ||     1
Armor: Skin              |    59 |     6 ||    65
Dodge: Dodged            |   102 |    22 ||   124

Table legend:
 A = Non-vault XP
 B = Vault XP
 C = Vault XP percentage of total XP
 D = Non-vault monster count
 E = Vault monster count
 F = Vault count percentage of total count
                 A         B        C        D         E       F
            +---------+---------+-------+---------+---------+-------
      Total |     127 |      51 |  28.7 |      45 |       6 |  11.8
            +---------+---------+-------+---------+---------+-------
        D:1 |      76 |      12 |  13.6 |      32 |       4 |  11.1
        D:2 |      51 |      39 |  43.3 |      13 |       2 |  13.3
            +---------+---------+-------+---------+---------+-------
